 Dungeon Crawl Stone Soup version 0.29.1-15-g9cfb28693d (webtiles) character file.

Game seed: 1488049072107312391

2 leafyfresh the Sneak (level 1, 0/16 HPs)
             Began as an Octopode Delver on Mar 4, 2023.
             Slain by an orc
             ... wielding a +0 trident
              (2 damage)
             ... on level 5 of the Dungeon.
             The game lasted 00:00:06 (14 turns).

leafyfresh the Sneak (Octopode Delver)                Turns: 14, Time: 00:00:07

Health: 0/16       AC:  1    Str: 11    XL:     1   Next: 30%
Magic:  1/1        EV: 13    Int: 12    God:
Gold:   0          SH:  0    Dex: 13    Spells: 0/0 levels left

rFire   . . .      SeeInvis .   a - +0 short sword
rCold   . . .      Faith    .   (no shield)
rNeg    . . .      Spirit   .   (helmet restricted)
rPois   .          Reflect  .   (no amulet)
rElec   .          Harm     .   (no ring)
rCorr   .          Rampage  .   (no ring)
Will    .....                   (no ring)
Stlth   ++++......              (no ring)
HPRegen 0.05/turn               (no ring)
MPRegen 0.07/turn               (no ring)
                                (no ring)
                                (no ring)

@: no status effects
A: almost no armour, amphibious, 8 rings, camouflage 1, gelatinous body 1,
(nimble swimmer 1), tentacles
a: no special abilities


You were on level 5 of the Dungeon.
You visited 1 branch of the dungeon, and saw 1 of its levels.

Inventory:

Hand Weapons
 a - a +0 short sword (weapon)
Wands
 f - a wand of digging (3)
Scrolls
 b - a scroll of fog
 c - a scroll of magic mapping
 d - a scroll of fear
Potions
 e - a potion of haste


   Skills:
 + Level 3.0 Fighting
 - Level 2.0 Short Blades
 + Level 2.0 Dodging
 + Level 6.6 Stealth


You couldn't memorise any spells.
You didn't know any spells.
Your spell library was empty.

Dungeon Overview and Level Annotations

Branches:
Dungeon (5/15)
 Temple: D:4-7

Altars:


Innate Abilities, Weirdness & Mutations

You cannot wear most types of armour.
You are amphibious.
You can wear up to eight rings at the same time.
Your skin changes colour to match your surroundings (Stealth+).
Your rubbery body absorbs attacks. (AC +1, EV +1)
((You are camouflaged when in or above water. (Stealth+)))
You have tentacles for arms and can constrict up to eight enemies at once.


Message History

Welcome, leafyfresh the Octopode Delver.
The glorious Orb of Zot lies far below, as if waiting for you to find it.
Press ? for a list of commands and other information.
Found a ring mail.
Found a stone staircase leading down.
Found a flail.
A sourceless malevolence fills the Dungeon... and a teleportation trap spontaneously manifests!
You are yanked towards some nearby monsters!
Your surroundings suddenly seem different. 3 orcs and a shadow imp come into view.
Found 8 stones and a rapier.
An orc comes into view. It is wielding a +0 war axe.
Found a stone staircase leading down.
The shadow imp shouts, "Escape, thou jarring saucy whip-jack!"
The orc shouts!
The orc hits you with a +0 trident!
Ouch! That really hurt!
You hear an angry hiss.
You are too injured to fight recklessly!
You are too injured to fight recklessly!
Unknown command.
The orc shouts!
You hit the orc. You grab the orc.
The orc is moderately wounded.
You constrict the orc, but do no damage.
The orc closely misses you. x2
You hit the orc.
The orc is severely wounded.
You constrict the orc. The orc closely misses you. x2
You hit the orc.
You kill the orc!
A scorpion comes into view.
The orc hits you with a +0 club.
* * * LOW HITPOINT WARNING * * *
The orc hits you from afar with a +0 trident.
You die...

# ##..$ .~~#♣~♣~#
##.#..~~~..≈#
≈~.~≈~≈~~.###
~≈!....~~~..#####.
♣~~~≈#............
♣~~~♣~≈.~........
#s~..♣5......#.
.≈.#~≈..~..oo.....
......~.♣.@o......
.##.........(.....
####..........#.
........#)..##
###....######
#..#### .>.# ###


You could see a scorpion, a shadow imp and 3 orcs.

Vanquished Creatures
  An orc (D:5)
1 creature vanquished.

Notes
Turn   | Place    | Note
-------+----------+-------------------------------------------
     0 | D:5      | leafyfresh the Octopode Delver began the quest for the Orb.
     0 | D:5      | Reached XP level 1. HP: 16/16 MP: 1/1
    13 | D:5      | Noticed a scorpion
    14 | D:5      | Slain by an orc

Illustrated notes

Levels and vault maps discovered:
D:5:      layout_rooms, gammafunk_temple_overflow_forgotten,
          chequers_serial_rivers_marsh, dk_vineyard_3, uniq_sigmund

Action                   || total
-------------------------++-------
Melee: Short sword       ||     3
       Constrict         ||     1
Dodge: Dodged            ||     4
